 Dungeon Crawl Stone Soup version 0.27-a0-1200-g94dc6ad4cf (webtiles) character file.

Game seed: 2870746649575254907

0 spiderkeys the Skirmisher (level 1, -23/18 HPs)
             Began as a Merfolk Abyssal Knight on June 1, 2021.
             Was a Follower of Lugonu.
             Annihilated by a large abomination (27 damage)
             ... on level 2 of the Abyss.
             The game lasted 00:01:03 (169 turns).

spiderkeys the Skirmisher (Merfolk Abyssal Knight)   Turns: 169, Time: 00:01:04

Health: -23/18     AC:  3    Str: 12    XL:     1   Next: 0%
Magic:  2/2        EV: 12    Int: 11    God:    Lugonu [*.....]
Gold:   23         SH:  0    Dex: 13    Spells: 0/0 levels left

rFire    . . .     SeeInvis .   a - +1 spear
rCold    . . .     Faith    .   (no shield)
rNeg     . . .     Spirit   .   b - +0 leather armour
rPois    .         Reflect  .   (no helmet)
rElec    .         Harm     .   (no cloak)
rCorr    .         Rampage  .   (no gloves)
Will     .....                  (no boots)
Stlth    +.........             (no amulet)
HPRegen  0.06/turn              (no ring)
MPRegen  0.08/turn              (no ring)

@: no status effects
A: (nimble swimmer 2), mertail
a: Renounce Religion, Depart the Abyss


You were on level 2 of the Abyss.
You worshipped Lugonu.
Lugonu was aware of your devotion.
You visited 0 branches of the dungeon, and saw 0 of its levels.
You visited the Abyss 1 time.

You collected 23 gold pieces.


Innate Abilities, Weirdness & Mutations

((You are quick and stealthy near water. (Stealth+, EV+, Speed+++)))
Your lower body shifts to a powerful aquatic tail in water.


   Skills:
 + Level 3.2 Fighting
 + Level 3.0 Polearms
 + Level 0.6 Armour
 + Level 2.6 Dodging
 + Level 2.0 Invocations


You couldn't memorise any spells.
You didn't know any spells.
Your spell library was empty.

Inventory:

Hand Weapons
 a - a +1 spear (weapon)
Armour
 b - a +0 leather armour (worn)

Dungeon Overview and Level Annotations

Branches:
Dungeon (0/15)

Altars:

#. .# ..# ..
##. ##
###..#.# .
.##..#...# .#
.......@###..#
##..#..##X..#
#. ##.#..#.#
#.#..#..## # .
.#..# #..##.#
#...### # #
#.#....##.. ..
##.#.###..#


You could see a large abomination (dazed).


Message History

🤖 Initializing magus.rc ...
Options error: Delay interrupt name "hungry" not recognised. (~/.crawlrc:4988) ✅ Successfully initialized magus.rc [v1.9.10] Welcome, spiderkeys the Merfolk Abyssal Knight.
The bosom of this dungeon contains the transcendent artefact, the Orb of Zot.
Lugonu says: Depart the Abyss and spread corruption, my servant! (use the ability menu to exit the Abyss) Press ? for a list of commands and other information.
Found a hunting sling.
Found a corrupted altar of Lugonu.
Found two portals.
Unknown command.
c - a scroll labelled OQIZAYW GINEVA
There is a gateway leading out of the Abyss here.
There is a gateway leading deeper into the Abyss here.
There is a gateway leading deeper into the Abyss here.
You plunge deeper into the Abyss.
As you read the scroll labelled OQIZAYW GINEVA, it crumbles to dust.
You feel strangely unstable.
You feel the power of the Abyss delaying your translocation!
It was a scroll of teleportation.
You see here a +0 spear.
You are suddenly pulled into a different region of the Abyss!
c - a scroll labelled ZAWNUL TOCZOSM
As you read the scroll labelled ZAWNUL TOCZOSM, it crumbles to dust.
It is a scroll of identify.
You don't have any unidentified items.
You now have 23 gold pieces.
A tentacled starspawn comes into view.
A wight comes into view. It is wielding a +0 war axe.
A cacodemon comes into view.
A large abomination comes into view.
The large abomination hits you. 😕 HP[-4]
You take 4 damage, and now have 14/18 hp.
MASSIVE DAMAGE!! (PAUSE) Tentacles burst from the starspawn's body!
A starspawn tentacle comes into view.
A tentacle flies out from the starspawn's body!
A starspawn tentacle comes into view.
A starspawn tentacle comes into view. 😕 HP[+1]
A jumping spider comes into view.
You see here a scroll labelled KYIBOCSIA.
c - a scroll labelled KYIBOCSIA The jumping spider hisses angrily.
The jumping spider leaps!
As you read the scroll labelled KYIBOCSIA, it crumbles to dust.
You hear a loud clanging noise!
It was a scroll of noise.
Something shouts, "Back with thee, thou pottle-deep common-kissing bootlicker!"
You hear a hideous shriek!
Something shouts, "Slither away, thou puking fen-sucked malt-worm!"
You hear a screech!
A demonic crawler comes into view.
The demonic crawler gives a hideous shriek! 😕 HP[+1]
The demonic crawler barely misses you. The demonic crawler hits you!
Ouch! That really hurt!
* * * LOW HITPOINT WARNING * * *
The demonic crawler closely misses you. 😨 HP[-9]
You take 9 damage, and now have 7/18 hp.
MASSIVE DAMAGE!! (PAUSE)
A tentacle flies out from the starspawn's body!
A starspawn tentacle comes into view. 😨 HP[+1] Tentacles burst from the starspawn's body! 2 starspawn tentacles come into view.
Tentacles burst from the starspawn's body! 2 starspawn tentacles come into view.
The starspawn tentacle barely misses you.
You see here a scroll labelled BICZUE IMNIW.
c - a scroll labelled BICZUE IMNIW
As you read the scroll labelled BICZUE IMNIW, it crumbles to dust.
You speak a Word of immense power!
The large abomination convulses!
It was a scroll of holy word.
You hit the large abomination but do no damage.
The large abomination is lost in a daze.
The large abomination barely misses you.
You hit the large abomination but do no damage.
The large abomination hits you.
* * * LOW HITPOINT WARNING * * *
😱 HP[-4]
You take 4 damage, and now have 4/18 hp.
MASSIVE DAMAGE!! (PAUSE)
You barely miss the large abomination.
The large abomination is lost in a daze.
You barely miss the large abomination.
The large abomination barely misses you.
You hit the large abomination but do no damage.
The large abomination hits you!!
Ouch! That really hurt!
You die...

Action                   || total
-------------------------++-------
Melee: Spear             ||     5
  Use: Scroll            ||     4
Dodge: Dodged            ||     5

Levels and vault maps discovered:
Abyss:2:  base: Temple, evilmike_abyss_exit_16, hangedman_abyss_lost_library,
          hangedman_abyss_or_decor_slice

Notes
Turn   | Place    | Note
-------+----------+-------------------------------------------
     0 | Abyss:1  | spiderkeys the Merfolk Abyssal Knight began the quest for
                  | the Orb.
     0 | Abyss:1  | Reached XP level 1. HP: 18/18 MP: 2/2
     0 | Abyss:1  | magus.rc [v1.9.10]
    80 | Abyss:2  | Noticed a will-o-the-wisp
    81 | Abyss:2  | Noticed a tentacled starspawn
    92 | Abyss:2  | Noticed a wight
    92 | Abyss:2  | Noticed a cacodemon
    96 | Abyss:2  | Noticed a large abomination
   126 | Abyss:2  | Noticed a jumping spider
   133 | Abyss:2  | Noticed a demonic crawler
   153 | Abyss:2  | Noticed a large abomination
   166 | Abyss:2  | HP: 4/18 [large abomination (5)]
   169 | Abyss:2  | Annihilated by a large abomination

Vanquished Creatures (others)
  12 starspawn tentacles (Abyss:2)
12 creatures vanquished.

Table legend:
 A = Non-vault XP
 B = Vault XP
 C = Vault XP percentage of total XP
 D = Non-vault monster count
 E = Vault monster count
 F = Vault count percentage of total count
                 A         B        C        D         E       F
            +---------+---------+-------+---------+---------+-------
      Total |       0 |       0 |   N/A |       0 |       0 |  -nan
            +---------+---------+-------+---------+---------+-------
            +---------+---------+-------+---------+---------+-------

Illustrated notes

Table legend: (Time is in decaauts)
 A = Elapsed time spent in this place.
 B = Non-inter-level travel time spent in this place.
 C = Inter-level travel time spent in this place.
 D = Time resting spent in this place.
 E = Time spent auto-exploring this place.
 F = Levels seen in this place.
 G = Mean time per level.
                   A        B        C        D        E       F      G
               +--------+--------+--------+--------+--------+-----+--------+
         Total |    168 |    168 |      0 |      0 |      3 |   2 |   84.0 |
         Abyss |    168 |    168 |      0 |      0 |      3 |   2 |   84.0 |
               +--------+--------+--------+--------+--------+-----+--------+

Top non-repeatable levels by time:
 Abyss:2: 148 daAuts
 Abyss:1: 20 daAuts
